 Dungeon Crawl Stone Soup version 0.29-a0-451-gfbfa42419e (webtiles) character file.

Game seed: 179697910360271113

174 ders the Magician (level 5, -2/35 HPs)
             Began as a Djinni Conjurer on May 19, 2022.
             Slain by an orc
             ... wielding a +0 dagger
              (4 damage)
             ... on level 2 of the Dungeon.
             The game lasted 00:03:15 (3570 turns).

ders the Magician (Djinni Conjurer)                 Turns: 3570, Time: 00:03:15

Health: -2/35      AC:  2    Str:  6    XL:     5   Next: 84%
Gold:   87         EV: 12    Int: 21    God:
                   SH:  0    Dex: 18

rFire   + + .      SeeInvis .   (no weapon)
rCold   x . .      Faith    .   (no shield)
rNeg    . . .      Spirit   .   a - +0 robe
rPois   ∞          Reflect  .   (no helmet)
rElec   .          Harm     .   (no cloak)
rCorr   .          Rampage  .   (no gloves)
Will    .....                   (boots unavailable)
Stlth   ++........              (no amulet)
HPRegen 0.11/turn               c - +6 ring of dexterity
MPRegen 0.00/turn               (no ring)

@: flying
A: sickness immunity, fire resistance 2, cold vulnerability 1, float, innate
caster, HP casting, extra vitality 1
a: no special abilities


You were on level 2 of the Dungeon.
You visited 1 branch of the dungeon, and saw 3 of its levels.

You collected 87 gold pieces.

Inventory:

Armour
 a - a +0 robe (worn)
 i - a +0 kite shield
Jewellery
 c - a +6 ring of dexterity (left hand)
 f - an amulet of regeneration
 j - a ring of willpower
Scrolls
 b - 2 scrolls of teleportation {unknown}
 d - a scroll of enchant weapon {unknown}
 e - 2 scrolls of identify {unknown}
 g - a scroll of acquirement {unknown}
 h - a scroll of vulnerability {unknown}
Potions
 k - a potion of magic {unknown}
 l - a potion of attraction {unknown}
 m - 2 potions of heal wounds {unknown}


   Skills:
 - Level 2.1 Dodging
 - Level 1.5 Stealth
 + Level 5.2 Spellcasting


You couldn't memorise any spells.
You knew the following spells:

 Your Spells              Type           Power      Damage    Failure   Level
a - Magic Dart            Conj           100%       1d8       1%          1
b - Searing Ray           Conj           54%        2d6       1%          2
c - Dazzling Flash        Conj/Hex       54%        N/A       3%          3
d - Fulminant Prism       Conj/Hex       13%        3d9       12%         4
e - Iskenderun's Mystic   Conj/Tloc      27%        2d7       12%         4
f - Apportation           Tloc           54%        N/A       1%          1
g - Blink                 Tloc           54%        N/A       1%          2
Your spell library was empty.

Dungeon Overview and Level Annotations

Branches:
Dungeon (3/15)

Altars:

Shops:
D:3 :


Innate Abilities, Weirdness & Mutations

You are immune to sickness and miasma.
You are immune to poison.
Your flesh is very heat resistant. (rF++)
You are vulnerable to cold. (rC-)
You float through the air rather than walking.
You learn spells naturally, not from books.
Your magical power is your life essence.
You have superior vitality. (+4 MHP)


Message History

The orc hits your fulminant prism with a +0 short sword.
Your fulminant prism detonates feebly.
Casting: Fulminant Prism (quite dangerous; 12% risk of failure)
Confirm with . or Enter, or press ? or * to list all spells.
Aiming: Fulminant Prism (quite dangerous; 12% risk of failure)
Press: ? - help, Dir - move target
Okay, then.
The orc attacks as you move away! The orc closely misses you.
The orc attacks as you move away! The orc hits you but does no damage.
You see here 17 stones.
A dart slug comes into view.
The dart slug moves out of view.
There is a stone staircase leading up here.
You fly upwards.
There is a stone staircase leading down here.
Casting: Fulminant Prism (quite dangerous; 12% risk of failure)
Confirm with . or Enter, or press ? or * to list all spells.
You erupt in a blast of force!
The mystic blast hits the orc but does no damage.
The orc is moderately wounded.
* * * LOW HITPOINT WARNING * * *
The orc closely misses you.
Casting: Iskenderun's Mystic Blast (quite dangerous; 12% risk of failure)
Confirm with . or Enter, or press ? or * to list all spells.
Aiming: Magic Dart (safe; 1% risk of failure)
Press: ? - help, Shift-Dir - straight line, f - orc
Aim: an orc, wielding a +0 dagger and wearing a +1 chain mail of poison resistance (moderately wounded, 100% to hit)
The magic dart hits the orc.
The orc is heavily wounded.
* * * LOW HITPOINT WARNING * * *
The orc misses you.
Unknown command.
Casting: Magic Dart (safe; 1% risk of failure)
Confirm with . or Enter, or press ? or * to list all spells.
You erupt in a blast of force!
The mystic blast hits the orc but does no damage.
The orc is heavily wounded.
* * * LOW HITPOINT WARNING * * *
The orc hits you with a +0 dagger.
You die...

#####
....###########
###...........#
#########...# ####
####...####
...#####.....>..@#
...)...........o.#
..)#####.........#
...# ####...####
#..# #...# #..#
#...# #..# #..##
#.)# #..# #..#
#..#


You could see an orc.

Vanquished Creatures
  An orc priest (D:3)
  3 gnolls (D:2)
  2 adders (D:2)
  A worm (D:2)
  2 dart slugs
  5 orcs (D:3)
  4 endoplasms
  2 giant cockroaches (D:1)
  9 goblins
  9 hobgoblins
  13 jackals (D:1)
  6 quokkas
  3 ball pythons
  2 bats
  3 frilled lizards
  7 kobolds
  5 rats
77 creatures vanquished.

Vanquished Creatures (others)
  3 fulminant prisms
  A fungus (D:1)
4 creatures vanquished.

Grand Total: 81 creatures vanquished

Notes
Turn   | Place    | Note
-------+----------+-------------------------------------------
     0 | D:1      | ders the Djinni Conjurer began the quest for the Orb.
     0 | D:1      | Reached XP level 1. HP: 15/15 MP: 0/0
   247 | D:1      | Reached XP level 2. HP: 17/21 MP: 0/0
   705 | D:1      | Reached XP level 3. HP: 23/25 MP: 0/0
   705 | D:1      | Learned a level 1 spell: Apportation
   854 | D:1      | Reached skill level 4 in Spellcasting
  1517 | D:1      | Reached XP level 4. HP: 29/31 MP: 0/0
  1731 | D:1      | Found a faded altar of an unknown god.
  2424 | D:2      | Reached XP level 5. HP: 26/35 MP: 0/0
  2424 | D:2      | Learned a level 2 spell: Blink
  3088 | D:3      | Reached skill level 5 in Spellcasting
  3167 | D:3      | Found Kig Dimy's Book Shop.
  3570 | D:2      | Slain by an orc

Illustrated notes

Levels and vault maps discovered:
D:1:      minmay_arrival_shattered_statue, layout_basic,
          shapermc_ecumenical_altar_mp_urbaneastern
D:2:      layout_loops_ring
D:3:      layout_rooms, serial_shops, nicolae_diamond_shop

Skill      XL: |  1  2  3  4  5 |
---------------+----------------+-----
Spellcasting   | 4 5 |  5.2
Dodging        | |  2.1
Stealth        | |  1.5

Action                   |  1- 3 |  4- 6 || total
-------------------------+-------+-------++-------
 Cast: Magic Dart        |    80 |    92 ||   172
       Searing Ray       |       |     3 ||     3
       Fulminant Prism   |       |     3 ||     3
       Iskenderun's Myst |       |     2 ||     2
       Blink             |       |     1 ||     1
Armor: Robe              |     1 |     3 ||     4
Dodge: Dodged            |     1 |    12 ||    13

Table legend: (Time is in decaauts)
 A = Elapsed time spent in this place.
 B = Non-inter-level travel time spent in this place.
 C = Inter-level travel time spent in this place.
 D = Time resting spent in this place.
 E = Time spent auto-exploring this place.
 F = Levels seen in this place.
 G = Mean time per level.
                   A        B        C        D        E       F      G
               +--------+--------+--------+--------+--------+-----+--------+
         Total |   3570 |   3540 |     30 |    478 |   2727 |   3 | 1190.0 |
       Dungeon |   3570 |   3540 |     30 |    478 |   2727 |   3 | 1190.0 |
               +--------+--------+--------+--------+--------+-----+--------+

Top non-repeatable levels by time:
     D:1: 1802 daAuts
     D:2: 1520 daAuts
     D:3: 247 daAuts
